 Dungeon Crawl Stone Soup version 0.21.1-1-g345015f (webtiles) character file.

786 jerryfan the Slasher (level 7, 0/53 HPs)
             Began as a Gnoll Wanderer on May 8, 2018.
             Slain by Edmund
             ... wielding a +4 flail of holy wrath
              (8 damage)
             ... on level 5 of the Dungeon on May 11, 2018.
             The game lasted 00:57:26 (7161 turns).

jerryfan the Slasher (Gnoll Wanderer)               Turns: 7161, Time: 00:57:26

Health: 0/53       AC:  2    Str: 16    XL:     7   Next: 86%
Magic:  0/12       EV: 13    Int: 16    God:
Gold:   243        SH:  0    Dex: 13    Spells: 4/13 levels left

rFire    + . .     SeeInvis .   c - +0 falchion
rCold    x . .     Gourm    .   (no shield)
rNeg     . . .     Faith    .   d - +0 robe
rPois    .         Spirit   .   (no helmet)
rElec    .         Reflect  .   (no cloak)
rCorr    .         Harm     .   (no gloves)
MR       .....                  (no boots)
Stlth    ++........             (no amulet)
HPRegen  0.17/turn              e - ring of fire
MPRegen  0.13/turn              (no ring)

@: no status effects
A: distributed training, fangs 1, strong nose
a: no special abilities


You were on level 5 of the Dungeon.
You were not hungry.

You visited 2 branches of the dungeon, and saw 6 of its levels.

You collected 243 gold pieces.

Inventory:

Hand Weapons
 c - a +0 falchion (weapon)
 n - a +0 hunting sling
 x - a +0 blowgun
Missiles
 h - 64 stones (quivered)
 j - 45 sling bullets
 l - 11 bolts
 w - 19 poisoned needles
Armour
 d - a +0 robe (worn)
Jewellery
 e - a ring of fire (left hand)
Wands
 r - a wand of random effects (20)
Scrolls
 g - a scroll of remove curse {unknown}
 k - a scroll of blinking
 m - a scroll of enchant weapon {unknown}
 p - a scroll of magic mapping {unknown}
 q - a scroll of amnesia {unknown}
 t - a scroll of identify
Potions
 o - a potion of mutation {unknown}
 s - a potion of cancellation {unknown}
Books
 a - a book of Air

   Spells                             Type                      Level
   a - Shock                          Conjuration/Air              1
   b - Swiftness                      Charms/Air                   2
   c - Static Discharge               Conjuration/Air              3
   d - Airstrike                      Air                          4
   e - Lightning Bolt                 Conjuration/Air              5
 b - the Collected Works on Calling

   Spells                             Type                      Level
   a - Summon Butterflies             Summoning                    1
   b - Summon Guardian Golem          Hexes/Summoning              3
Comestibles
 f - 14 rations


   Skills:
 + Level 3.8 Fighting
 + Level 2.7 Short Blades
 + Level 5.3 Long Blades
 + Level 2.7 Axes
 + Level 2.7 Maces & Flails
 + Level 2.7 Polearms
 + Level 2.7 Staves
 + Level 2.7 Slings
 + Level 2.7 Bows
 + Level 2.7 Crossbows
 + Level 3.8 Throwing
 + Level 2.7 Armour
 + Level 2.7 Dodging
 + Level 2.7 Stealth
 + Level 3.8 Shields
 + Level 2.7 Unarmed Combat
 + Level 3.9 Spellcasting
 + Level 2.2 Conjurations
 + Level 2.2 Hexes
 + Level 2.2 Charms
 + Level 2.2 Summonings
 + Level 2.2 Necromancy
 + Level 4.4 Translocations
 + Level 2.2 Transmutations
 + Level 2.2 Fire Magic
 + Level 2.2 Ice Magic
 + Level 4.4 Air Magic
 + Level 2.2 Earth Magic
 + Level 2.2 Poison Magic
 + Level 3.0 Invocations
 + Level 2.7 Evocations


You had 4 spell levels left.
You knew the following spells:

 Your Spells              Type           Power        Failure   Level  Hunger
a - Shock                 Conj/Air       ##..         4%          1    None
b - Summon Guardian Gole  Hex/Summ       ##......     21%         3    ###....
c - Swiftness             Chrm/Air       ##......     7%          2    ##.....
d - Static Discharge      Conj/Air       ##......     13%         3    ###....


Dungeon Overview and Level Annotations

Branches:
Dungeon (5/15)             Temple (1/1) D:5

Altars:
Dithmenos
Elyvilon
Fedhas
Gozag
Hepliaklqana
Kikubaaqudgha
Makhleb
Nemelex Xobeh
Okawaru
Qazlal
Ru
Sif Muna
Trog
Uskayaw
Vehumet
Wu Jian
Xom
Yredelemnul
Zin
The Shining One

Annotations:
D:4 Dowan, Duvessa
D:5 Edmund


Innate Abilities, Weirdness & Mutations

Your experience applies equally to all skills.
You have very sharp teeth.
Your uncanny sense of smell can sniff out nearby items.


Message History

The lightning grounds out.
Edmund hits you with a flail of holy wrath!
Evoke which item? (* to show all) (? for menu, Esc to quit)
Aiming: Random Effects
Press: ? - help, Shift-Dir - straight line, f - Edmund
Aim: Edmund, wielding a flail of holy wrath and wearing a leather armour (heavily wounded)
The mass of ice explodes!
The iceblast engulfs Edmund.
Edmund is almost dead.
The iceblast engulfs you!
You feel a painful chill!
* * * LOW HITPOINT WARNING * * *
Something shouts, "Accept thy fall, thou foppish fly-bitten lout!"
Edmund closely misses you.
You hit Edmund but do no damage.
Edmund is almost dead.
Edmund hits you with a flail of holy wrath.
* * * LOW HITPOINT WARNING * * *
You hit Edmund.
Edmund is almost dead.
Edmund hits you with a flail of holy wrath!
You die...

#......#
##'##'###...........#
###.####
#..........##########
#. #..........# # #
#..........# #
.............# #
...###+###@### #
...#.....#.# ..
#.###.#.# +.#@@.'.#
#.###.### #.....#
###+### +.# .... #.#
...# #.###...#
#.?..... #.....#


You could see Edmund.

Vanquished Creatures
  Grinder (D:4)
  2 scorpions (D:4)
  A bullfrog zombie (D:5)
  An orc priest (D:4)
  Jessica (D:3)
  An iguana (D:4)
  A worker ant (D:4)
  9 adders
  A shadow imp (D:5)
  2 oozes (D:3)
  2 worms (D:3)
  5 leopard geckos
  16 orcs
  5 giant cockroaches
  5 goblins
  6 hobgoblins
  14 jackals
  6 quokkas
  13 bats
  A frilled lizard (D:2)
  6 kobolds
  A leopard gecko skeleton (D:4)
  6 rats
106 creatures vanquished.

Vanquished Creatures (collateral kills)
  2 ogres
  An orc wizard (D:4)
  An adder (D:4)
  2 orcs (D:4)
6 creatures vanquished.

Grand Total: 112 creatures vanquished

Notes
Turn   | Place    | Note
-------+----------+-------------------------------------------
     0 | D:1      | jerryfan the Gnoll Wanderer began the quest for the Orb.
     0 | D:1      | jerryfan set off with: a book of Air, the Collected Works on Calling, a +0 falchion, a +0 robe, a ration
     0 | D:1      | Reached XP level 1. HP: 17/17 MP: 4/4
     0 | D:1      | Identified the Collected Works on Calling
     2 | D:1      | Learned a level 1 spell: Shock
   405 | D:1      | Reached XP level 2. HP: 23/23 MP: 3/5
   892 | D:1      | Reached XP level 3. HP: 28/28 MP: 1/7
  1177 | D:2      | Reached skill level 1 in Invocations
  1243 | D:2      | Reached skill level 1 in Short Blades
  1243 | D:2      | Reached skill level 1 in Axes
  1243 | D:2      | Reached skill level 1 in Maces & Flails
  1243 | D:2      | Reached skill level 1 in Polearms
  1243 | D:2      | Reached skill level 1 in Staves
  1243 | D:2      | Reached skill level 1 in Slings
  1243 | D:2      | Reached skill level 1 in Bows
  1243 | D:2      | Reached skill level 1 in Crossbows
  1243 | D:2      | Reached skill level 1 in Armour
  1243 | D:2      | Reached skill level 1 in Dodging
  1243 | D:2      | Reached skill level 1 in Stealth
  1243 | D:2      | Reached skill level 1 in Unarmed Combat
  1243 | D:2      | Reached skill level 1 in Evocations
  1359 | D:2      | Reached XP level 4. HP: 26/34 MP: 0/8
  1964 | D:2      | Found a sacrificial altar of Ru.
  1964 | D:2      | Found a burning altar of Makhleb.
  1964 | D:2      | Found a glowing silver altar of Zin.
  1966 | D:2      | Found an opulent altar of Gozag.
  1966 | D:2      | Found a sparkling altar of Nemelex Xobeh.
  1968 | D:2      | Found a bloodstained altar of Trog.
  1970 | D:2      | Found a glowing golden altar of the Shining One.
  2209 | D:3      | Reached skill level 1 in Conjurations
  2209 | D:3      | Reached skill level 1 in Hexes
  2209 | D:3      | Reached skill level 1 in Charms
  2209 | D:3      | Reached skill level 1 in Summonings
  2209 | D:3      | Reached skill level 1 in Necromancy
  2209 | D:3      | Reached skill level 1 in Transmutations
  2209 | D:3      | Reached skill level 1 in Fire Magic
  2209 | D:3      | Reached skill level 1 in Ice Magic
  2209 | D:3      | Reached skill level 1 in Earth Magic
  2209 | D:3      | Reached skill level 1 in Poison Magic
  2580 | D:4      | Noticed an ogre
  2636 | D:3      | Reached XP level 5. HP: 40/40 MP: 4/9
  3218 | D:3      | Noticed Jessica
  3224 | D:3      | Learned a level 3 spell: Summon Guardian Golem
  3270 | D:3      | Killed Jessica
  3645 | D:4      | Noticed a phantom
  3667 | D:3      | Killed an ogre
  3667 | D:3      | Reached XP level 6. HP: 20/47 MP: 7/10
  4419 | D:4      | Noticed Grinder
  4644 | D:4      | Paralysed by Grinder for 6 turns
  4652 | D:4      | Paralysed by Grinder for 5 turns
  4662 | D:4      | Killed Grinder
  4662 | D:4      | Reached skill level 5 in Long Blades
  4662 | D:4      | Reached XP level 7. HP: 15/52 MP: 6/12
  4964 | D:4      | Noticed Duvessa
  5856 | D:4      | Noticed Dowan
  6567 | D:5      | Entered Level 5 of the Dungeon
  6567 | D:5      | Noticed Edmund
  6780 | D:5      | Learned a level 2 spell: Swiftness
  6819 | D:5      | Found a staircase to the Ecumenical Temple.
  6823 | Temple   | Entered the Ecumenical Temple
  7153 | Temple   | Learned a level 3 spell: Static Discharge
  7161 | D:5      | Slain by Edmund

Skill      XL: |  1  2  3  4  5  6  7 |
---------------+----------------------+-----
Invocations    | 1 2 3 |  3.0
Short Blades   | 1 2 |  2.7
Axes           | 1 2 |  2.7
Maces & Flails | 1 2 |  2.7
Polearms       | 1 2 |  2.7
Staves         | 1 2 |  2.7
Slings         | 1 2 |  2.7
Bows           | 1 2 |  2.7
Crossbows      | 1 2 |  2.7
Armour         | 1 2 |  2.7
Dodging        | 1 2 |  2.7
Stealth        | 1 2 |  2.7
Unarmed Combat | 1 2 |  2.7
Evocations     | 1 2 |  2.7
Spellcasting   | 3 |  3.9
Conjurations   | 1 2 |  2.2
Hexes          | 1 2 |  2.2
Charms         | 1 2 |  2.2
Summonings     | 1 2 |  2.2
Necromancy     | 1 2 |  2.2
Transmutations | 1 2 |  2.2
Fire Magic     | 1 2 |  2.2
Ice Magic      | 1 2 |  2.2
Earth Magic    | 1 2 |  2.2
Poison Magic   | 1 2 |  2.2
Fighting       | 3 |  3.8
Throwing       | 3 |  3.8
Shields        | 3 |  3.8
Translocations | 4 |  4.4
Air Magic      | 4 |  4.4
Long Blades    | 5 |  5.3

Action                   |  1- 3 |  4- 6 |  7- 9 || total
-------------------------+-------+-------+-------++-------
Melee: Falchion          |    12 |    68 |    87 ||   167
       Bite              |     2 |     8 |    11 ||    21
       Punch             |       |       |     1 ||     1
Throw: Stone             |       |     4 |       ||     4
 Cast: Shock             |    61 |   105 |    21 ||   187
       Summon Guardian G |       |    12 |    11 ||    23
       Static Discharge  |       |       |     4 ||     4
       Swiftness         |       |       |     1 ||     1
Evoke: Wand              |       |     8 |     2 ||    10
  Use: Scroll            |     2 |     3 |     1 ||     6
       Potion            |       |     6 |     1 ||     7
 Stab: Sleeping          |       |       |     2 ||     2
  Eat: Chunk             |     2 |     9 |     2 ||    13
       Ration            |       |     1 |     2 ||     3
Armor: Robe              |    11 |    18 |     5 ||    34
Dodge: Dodged            |    24 |    77 |    56 ||   157
       Rpst.: Falchion   |     8 |    23 |    23 ||    54
